 Dungeon Crawl Stone Soup version 0.31-a0-152-g6aa68a64a1 (webtiles) character file.

Game seed: 11720606312627581972

104 qw the Shooter (level 4, -4/38 HPs)
             Began as a Minotaur Hunter on June 9, 2023.
             Slain by Grinder (5 damage)
             ... on level 3 of the Dungeon.
             The game lasted 00:00:44 (1398 turns).

qw the Shooter (Minotaur Hunter)                    Turns: 1398, Time: 00:00:45

Health: -4/38      AC:  6    Str: 16    XL:     4   Next: 52%
Magic:  3/3        EV: 11    Int:  6    God:
Gold:   95         SH:  0    Dex: 15    Spells: 3/3 levels left

rFire   . . .        Y - +2 shortbow
rCold   . . .        (shield currently unavailable)
rNeg    . . .        g - +0 ring mail
rPois   .            (helmet restricted)
rElec   .            (no cloak)
rCorr   .            k - +0 pair of gloves
SInv    .            (no boots)
Will    .....        (no amulet)
Stlth   +            (no ring)
HPRegen 0.26/turn    (no ring)
MPRegen 0.08/turn

%: no passive effects
@: about to teleport
A: horns 2, retaliatory headbutt
a: no special abilities


You were on level 3 of the Dungeon.
You visited 1 branch of the dungeon, and saw 3 of its levels.

You collected 95 gold pieces.


Innate Abilities, Weirdness & Mutations

You have a pair of horns on your head.
You reflexively headbutt those who attack you in melee.


   Skills:
 + Level 3.5 Fighting
 - Level 6.0 Ranged Weapons
 - Level 1.1 Armour
 - Level 2.1 Dodging
 - Level 0.7 Stealth


You had 3 spell levels left.
You didn't know any spells.
Your spell library was empty.

Inventory:

Hand Weapons
 Y - a +2 shortbow (weapon)
Armour
 g - a +0 ring mail (worn)
 k - a +0 pair of gloves (worn)
Potions
 a - a potion of brilliance {unknown}
 b - a potion of curing {unknown}
 d - a potion of degeneration {unknown}
 h - a potion of might {unknown}

Dungeon Overview and Level Annotations

Branches:
Dungeon (3/15)

Altars:
Zin

Annotations:
D:3 Grinder


Message History

A kobold comes into view. It is wielding a +2 dagger of freezing.
The kobold shouts!
The kobold throws a stone.
The stone barely misses you.
You shoot an arrow. The arrow hits the kobold!
You kill the kobold!
Grinder comes into view.
You see here a scroll of identify.
You shoot an arrow. The arrow closely misses Grinder.
You shoot an arrow. The arrow hits Grinder.
Grinder is lightly wounded.
You shoot an arrow. The arrow hits Grinder!
Grinder is moderately wounded.
Grinder hits you but does no damage.
Grinder grins, showing sharp teeth.
Grinder gestures at you.
You suddenly lose the ability to move!
Grinder hits you.
You writhe in agony.
Grinder blinks!
You can move again.
You shoot an arrow.
The arrow hits Grinder but does no damage.
Grinder is moderately wounded.
Grinder gestures at you. Pain shoots through your body!
You shoot an arrow. The arrow hits Grinder!
Grinder is heavily wounded.
Grinder hits you.
You writhe in agony.
You shoot an arrow. The arrow completely misses Grinder.
Grinder gestures at you. You resist with significant effort.
You shoot an arrow. The arrow barely misses Grinder.
Grinder hits you!
You writhe in agony.
You shoot an arrow. The arrow barely misses Grinder.
Grinder gestures at you. Pain shoots through your body!
Grinder barely misses you.
1398 ||| READING scroll of teleportation.
As you read the scroll of teleportation, it crumbles to dust.
You feel strangely unstable. Grinder hits you.
You die...

.... #...#. _..
..... ..##...# #
..#...# ##.##.....
........) #......5#
#......@####
....##.....##
###### .
#####..######......
##.....#.......
#....###.........
#....####
#......... #.##
#######........
...............
.....)...%.....


You could see Grinder.

Vanquished Creatures
  3 adders
  2 worms (D:2)
  3 dart slugs
  2 ball pythons
  3 endoplasms (D:2)
  2 giant cockroaches (D:2)
  6 goblins
  7 hobgoblins
  10 jackals
  2 quokkas
  5 bats
  2 frilled lizards (D:1)
  9 kobolds
  5 rats
61 creatures vanquished.

Notes
Turn   | Place    | Note
-------+----------+-------------------------------------------
     0 | D:1      | qw the Minotaur Hunter began the quest for the Orb.
     0 | D:1      | Reached XP level 1. HP: 18/18 MP: 0/0
     0 | D:1      | 0 ||| qw: Version: 0.2-a-122-gbc61b45
     0 | D:1      | 0 ||| qw: Game counter: 3389
     0 | D:1      | 0 ||| qw: Always use a shield: true
     0 | D:1      | 0 ||| qw: God list: Okawaru
     0 | D:1      | 0 ||| qw: Allow faded altars: false
     0 | D:1      | 0 ||| qw: Do Orc after D:15 true
     0 | D:1      | 0 ||| qw: Do second Lair branch before Depths: true
     0 | D:1      | 0 ||| qw: Lair rune preference: random
     0 | D:1      | 0 ||| qw: Plans: Normal
     0 | D:1      | 0 ||| PLANNING D:1-11
    41 | D:1      | 41 ||| FLEEEEING.
    42 | D:1      | 42 ||| FLEEEEING.
    47 | D:1      | 47 ||| FLEEEEING.
    48 | D:1      | 48 ||| FLEEEEING.
    49 | D:1      | 49 ||| FLEEEEING.
    50 | D:1      | 50 ||| FLEEEEING.
    51 | D:1      | 51 ||| FLEEEEING.
    55 | D:1      | 55 ||| FLEEEEING.
    80 | D:1      | HP: 4/18 [jackal (2)]
    81 | D:1      | Reached XP level 2. HP: 6/25 MP: 1/1
    81 | D:1      | 81 ||| FLEEEEING.
   103 | D:1      | Reached skill level 5 in Ranged Weapons
   277 | D:1      | 277 ||| Stepping ~*~*~tactically~*~*~ (outnumbered).
   283 | D:1      | Reached skill level 3 in Fighting
   430 | D:1      | Reached XP level 3. HP: 31/31 MP: 2/2
   587 | D:1      | 587 ||| READING scroll labelled BENIAM FA VADE.
   588 | D:1      | 588 ||| READING scroll labelled MOENKU JIQEYL.
   593 | D:1      | 593 ||| DROPPING scroll of butterflies.
   977 | D:2      | Reached XP level 4. HP: 38/38 MP: 3/3
   980 | D:2      | Reached skill level 6 in Ranged Weapons
  1126 | D:2      | Found a faded altar of an unknown god.
  1323 | D:2      | 1323 ||| UPGRADING to +0 ring mail.
  1333 | D:2      | 1333 ||| DROPPING +0 leather armour.
  1334 | D:2      | 1334 ||| UPGRADING to +0 pair of gloves.
  1339 | D:2      | 1339 ||| READING scroll labelled LEPIENA OLAID.
  1340 | D:2      | 1340 ||| READING 2 scrolls labelled HATEONE GABBAOSE.
  1341 | D:2      | 1341 ||| READING scroll of enchant weapon.
  1341 | D:2      | 1341 ||| ENCHANTING +1 shortbow.
  1342 | D:2      | 1342 ||| READING 2 scrolls labelled WIREAD HACI.
  1343 | D:2      | 1343 ||| READING scroll labelled LITIONUILIU.
  1344 | D:2      | 1344 ||| DROPPING scroll of magic mapping.
  1365 | D:3      | Reached skill level 1 in Armour
  1383 | D:3      | Found a glowing silver altar of Zin.
  1386 | D:3      | Noticed Grinder
  1389 | D:3      | Paralysed by Grinder for 4 turns
  1397 | D:3      | HP: 1/38 [Grinder/nerve-wracking pain (13)]
  1398 | D:3      | 1398 ||| READING scroll of teleportation.
  1398 | D:3      | Slain by Grinder

Levels and vault maps discovered:
D:1:      lightli_iron_boxes, layout_basic
D:2:      layout_loops_ring, shapermc_ecumenical_altar_hornbeckon,
          minmay_indecisive_spiral
D:3:      gammafunk_steamed_eel, layout_rooms,
          mainiacjoe_overflow_small_starburst, mainiacjoe_overflow_alcove_2,
          hangedman_feature_mirror, uniq_grinder, uniq_terence

Skill      XL: |  1  2  3  4 |
---------------+-------------+-----
Ranged Weapons | 5 6 |  6.0
Fighting       | 3 |  3.5
Armour         | 1 |  1.1
Dodging        | |  2.1
Stealth        | |  0.7

Action                     |  1- 3 |  4- 6 || total
---------------------------+-------+-------++-------
   Fire: Shortbow          |   129 |    39 ||   168
    Use: Scroll            |     2 |     6 ||     8
 Armour: Leather armour    |    11 |       ||    11
         Ring mail         |       |     7 ||     7
  Dodge: Dodged            |    45 |     9 ||    54

Table legend:
 A = Non-vault XP
 B = Vault XP
 C = Vault XP percentage of total XP
 D = Non-vault monster count
 E = Vault monster count
 F = Vault count percentage of total count
                 A         B        C        D         E       F
            +---------+---------+-------+---------+---------+-------
      Total |     136 |      13 |   8.7 |      57 |       4 |   6.6
            +---------+---------+-------+---------+---------+-------
        D:1 |      46 |       0 |   0.0 |      27 |       0 |   0.0
        D:2 |      72 |      13 |  15.3 |      26 |       4 |  13.3
        D:3 |      18 |       0 |   0.0 |       4 |       0 |   0.0
            +---------+---------+-------+---------+---------+-------
